 Dungeon Crawl Stone Soup version 0.19-a0-1254-gb9c29c0 (webtiles) character file.

11339 JustSomeDude the Blocker (level 11, -26/84 HPs)
             Began as a Demonspawn Fighter on Aug 27, 2016.
             Was an Elder of Yredelemnul.
             Annihilated by Rupert
             ... wielding a +5 great sword of holy wrath
              (30 damage)
             ... on level 12 of the Dungeon.
             The game lasted 00:40:08 (11467 turns).

JustSomeDude the Blocker (Demonspawn Fighter)      Turns: 11467, Time: 00:40:09

Health: -26/84     AC: 15    Str: 18    XL:     11   Next: 48%
Magic:  0/13       EV: 12    Int: 14    God:    Yredelemnul [****..]
Gold:   891        SH: 11    Dex: 13    Spells: 0 memorised, 10 levels left

rFire  . . .     SeeInvis .     a - +0 trident
rCold  + . .     Gourm    .     b - +0 scale mail
rNeg   . . .     Faith    .     c - +0 shield
rPois  .         Spirit   +     j - +1 hat {Int+3}
rElec  .         Dismiss  .     I - +2 cloak
rCorr  +         Reflect  .     x - +0 pair of gloves
MR     ++...     Harm     +     (no boots)
Stlth  +.........               Q - amulet of harm
                                L - ring of resist corrosion
                                o - +2 ring of protection

@: no status effects
A: claws 1, hooves 2, horns 1, clever 1, cold resistance 1, magic resistance 2,
regeneration 2, weak 1, magic shield, no device heal 1, freezing cloud immunity
a: Recall Undead Slaves, Injury Mirror, Animate Dead, Drain Life, Renounce
Religion


You were on level 12 of the Dungeon.
You worshipped Yredelemnul.
Yredelemnul was greatly pleased with you.
You were not hungry.

You visited 2 branches of the dungeon, and saw 13 of its levels.
You also visited: Ossuary.

You collected 891 gold pieces.

Inventory:

Hand Weapons
 a - a +0 trident (weapon)
Missiles
 n - 25 tomahawks (quivered)
Armour
 b - a +0 scale mail (worn)
 c - a +0 shield (worn)
 j - a +1 hat of intelligence (worn)
 x - a +0 pair of gloves (worn)
 I - a +2 cloak (worn)
Jewellery
 d - an uncursed ring of wizardry
 o - a +2 ring of protection (left hand)
 L - a ring of resist corrosion (right hand)
 Q - an amulet of harm (around neck)
Wands
 q - a wand of paralysis (8/24)
 E - a wand of disintegration (6/24)
 O - a wand of paralysis (6/24)
 R - a wand of confusion (19/48)
Scrolls
 e - 7 scrolls of remove curse
 i - 4 scrolls of immolation {unknown}
 k - 8 scrolls of identify
 p - a scroll of enchant weapon {unknown}
 r - 2 scrolls of fog {unknown}
 u - 2 scrolls of vulnerability {unknown}
 v - 3 scrolls of recharging {unknown}
 w - 6 scrolls of random uselessness {unknown}
 A - 4 scrolls of teleportation {unknown}
 G - a scroll of silence {unknown}
 H - 4 scrolls of magic mapping {unknown}
 J - 2 scrolls of noise {unknown}
 N - a scroll of brand weapon {unknown}
 P - a scroll of amnesia {unknown}
Potions
 g - a potion of curing
 m - a potion of might
 t - 2 potions of heal wounds
 z - 4 potions of degeneration
Books
 h - a book of Minor Magic

   Spells                             Type                      Level
   a - Magic Dart                     Conjuration                  1
   b - Blink                          Translocation                2
   c - Call Imp                       Summoning                    2
   d - Repel Missiles                 Charms/Air                   2
   e - Slow                           Hexes                        2
   f - Conjure Flame                  Conjuration/Fire             3
   g - Mephitic Cloud                 Conjuration/Poison/Air       3
 y - a Fen Folio

   Spells                             Type                      Level
   a - Corpse Rot                     Necromancy                   2
   b - Stone Arrow                    Conjuration/Earth            3
   c - Leda's Liquefaction            Hexes/Earth                  4
   d - Summon Forest                  Summoning/Translocation      5
   e - Hydra Form                     Transmutation                6
   f - Summon Hydra                   Summoning                    7
 C - a book of Clouds

   Spells                             Type                      Level
   a - Mephitic Cloud                 Conjuration/Poison/Air       3
   b - Conjure Flame                  Conjuration/Fire             3
   c - Poisonous Cloud                Conjuration/Poison/Air       6
   d - Freezing Cloud                 Conjuration/Ice/Air          6
   e - Ring of Flames                 Charms/Fire                  7
 D - a book of Battle

   Spells                             Type                      Level
   a - Infusion                       Charms                       1
   b - Shroud of Golubria             Charms/Translocation         2
   c - Song of Slaying                Charms                       2
   d - Spectral Weapon                Hexes/Charms                 3
   e - Regeneration                   Charms/Necromancy            3
Comestibles
 f - 17 bread rations
 l - 6 fruits
 B - a royal jelly
 F - 10 beef jerkies


   Skills:
 + Level 7.4 Fighting
 + Level 7.2 Polearms
 + Level 0.8 Throwing
 + Level 7.7 Armour
 + Level 8.1 Dodging
 + Level 3.2 Stealth
 + Level 8.2 Shields
 + Level 3.9 Invocations
 + Level 0.4 Evocations


You had 10 spell levels left.
You didn't know any spells.

Dungeon Overview and Level Annotations

Branches:
Dungeon (12/15)            Temple (1/1) D:4            Lair (0/6) D:9
    Orc (0/2) D:9

Altars:
Ashenzari
Cheibriados
Dithmenos
Elyvilon
Fedhas
Gozag
Hepliaklqana
Kikubaaqudgha
Makhleb
Nemelex Xobeh
Okawaru
Qazlal
Ru
Sif Muna
Trog
Uskayaw
Vehumet
Xom
Yredelemnul
Zin
The Shining One

Shops:
D:5 *   D:7 [

Annotations:
D:12 Rupert


Innate Abilities, Weirdness & Mutations

You have sharp fingernails.
You have hoof-like feet.
You have a pair of small horns on your head.
Your flesh is cold resistant. (rC+)
When hurt, damage is shared between your health and your magic reserves.
You are immune to freezing clouds.
Your mind is acute. (Int +2)
You are highly resistant to hostile enchantments. (MR++)
You heal very quickly.
You are weak. (Str -2)
Potions and wands are less effective at restoring your health.


Message History

You barely miss Rupert. You kick Rupert, but do no damage.
You headbutt Rupert, but do no damage.
Rupert is almost dead.
Rupert hits you with a great sword of holy wrath!
You convulse.
Unknown command.
You hit Rupert. You headbutt Rupert.
Rupert is almost dead.
Rupert roars madly and goes into a rage!
Rupert goes berserk!
Unknown command.
You hit Rupert but do no damage. You kick Rupert, but do no damage.
Rupert is almost dead.
Rupert hits you with a great sword of holy wrath!!
* * * LOW HITPOINT WARNING * * *
You convulse!!
* * * LOW HITPOINT WARNING * * *
Rupert hits you with a great sword of holy wrath!!
You die...
Your body rises from the dead as a mindless zombie.

# ...
.....######
...?..!.@@#
.##..######
#


You could see Rupert (berserk).

Vanquished Creatures
  The ghost of Protee the Carver, a novice HESk of Dithmenos (D:11)
  An unseen horror (D:11)
  Pikel (D:8)
  2 ugly things
  The ghost of poirepourri the Ducker, a novice DsGl of Hepliaklqana (D:5)
  A troll (D:11)
  A two-headed ogre (D:11)
  2 wraiths
  6 wyverns
  2 yaks (D:10)
  A hungry ghost (D:11)
  2 hippogriffs (D:7)
  Duvessa (D:6)
  A water moccasin (D:8)
  A black bear (D:4)
  A sky beast (D:9)
  An ice beast (D:6)
  2 necrophages
  A phantom (D:7)
  3 orc warriors
  4 slaves (D:8)
  9 ogres
  4 centaurs
  A big kobold (D:8)
  5 giant frogs
  Dowan (D:6)
  8 killer bees
  8 wights
  2 electric eels (D:11)
  5 howler monkeys
  3 crimson imps
  A quasit (D:8)
  4 hounds
  2 jellies
  5 orc priests
  7 orc wizards
  A gnoll shaman (D:7)
  3 iguanas
  6 worker ants
  A big kobold zombie (Ossuary)
  A hound skeleton (D:7)
  3 mummies (Ossuary)
  3 gnolls (D:7)
  18 adders
  A howler monkey skeleton (D:4)
  4 shadow imps
  2 oozes
  An adder zombie (D:6)
  An adder skeleton (D:7)
  A worm (D:2)
  2 dart slugs
  4 giant geckos
  35 orcs
  9 giant cockroaches
  6 hobgoblins
  8 jackals
  12 kobolds
  3 quokkas
  2 ball pythons
  13 bats
  6 giant newts
  2 gnoll zombies (Ossuary)
  2 goblins (D:1)
  A hobgoblin zombie (Ossuary)
  A kobold zombie (Ossuary)
  3 orc zombies (Ossuary)
  6 rats
262 creatures vanquished.

Vanquished Creatures (collateral kills)
  2 hill giants (D:10)
  A meliai zombie (D:11)
  7 yaks
  A water elemental (D:11)
  2 hippogriffs
  A sky beast (D:10)
  2 orc warriors
  An ogre (D:10)
  A centaur (D:10)
  2 giant frogs
  A scorpion (D:7)
  5 killer bees
  A centaur zombie (D:7)
  A crimson imp (D:12)
  2 giant frog skeletons (D:10)
  A worker ant (D:10)
  A hound skeleton (D:10)
  An adder (D:8)
  A shadow imp (D:10)
  14 orcs
  A jackal zombie (D:8)
49 creatures vanquished.

Vanquished Creatures (others)
  4 flying skulls
  A hill giant zombie (D:10)
  2 wyvern zombies (D:10)
  5 yak zombies (D:10)
  A wight (D:11)
  A hippogriff zombie (D:7)
  A giant frog zombie (D:9)
  An orc wizard (D:8)
  2 killer bee zombies (D:10)
  An ogre zombie (D:8)
  A necrophage skeleton (D:8)
  An adder zombie (D:9)
  2 gnoll zombies (D:7)
  A giant gecko zombie (D:9)
  A kobold zombie (D:8)
25 creatures vanquished.

Grand Total: 336 creatures vanquished

Notes
Turn   | Place    | Note
-------+----------+-------------------------------------------
     0 | D:1      | JustSomeDude the Demonspawn Fighter began the quest for the Orb.
     0 | D:1      | Reached XP level 1. HP: 18/18 MP: 1/1
   250 | D:1      | Gained mutation: When hurt, damage is shared between your health and your magic reserves. [demonic ancestry]
   250 | D:1      | Reached XP level 2. HP: 18/24 MP: 2/2
   612 | D:2      | Gained mutation: Your flesh is cold resistant. (rC+) [demonic ancestry]
   612 | D:2      | Reached XP level 3. HP: 29/29 MP: 3/3
   672 | D:2      | Reached skill level 1 in Dodging
  1095 | D:2      | Reached XP level 4. HP: 33/37 MP: 4/4
  2470 | D:4      | Gained mutation: You have sharp fingernails. [demonic ancestry]
  2470 | D:4      | Reached XP level 5. HP: 42/42 MP: 5/5
  2478 | D:4      | Found a sand-covered staircase.
  2485 | Ossuary  | Entered an ossuary
  2928 | D:4      | Noticed a black bear
  2943 | D:4      | Killed a black bear
  2943 | D:4      | Reached XP level 6. HP: 27/48 MP: 6/6
  3240 | D:4      | Found a staircase to the Ecumenical Temple.
  3250 | Temple   | Entered the Ecumenical Temple
  3294 | Temple   | Became a worshipper of Yredelemnul the Dark
  3847 | D:4      | Gained mutation: You have a pair of small horns on your head. [demonic ancestry]
  3847 | D:4      | Reached XP level 7. HP: 49/54 MP: 7/7
  4057 | D:5      | Entered Level 5 of the Dungeon
  4126 | D:5      | Noticed poirepourri's ghost (novice DsGl)
  4139 | D:5      | Killed poirepourri's ghost
  4139 | D:5      | Reached skill level 1 in Stealth
  4172 | D:5      | Gained mutation: You have large cloven feet. [demonic ancestry]
  4172 | D:5      | Reached XP level 8. HP: 44/61 MP: 6/8
  4317 | D:5      | Reached skill level 5 in Armour
  4337 | D:5      | Found Dtujeopp's Desiderata Depot.
  4857 | D:6      | Found a hazy altar of Hepliaklqana.
  5009 | D:6      | You fall through a shaft for 3 floors!
  5078 | D:9      | Reached skill level 5 in Fighting
  5265 | D:7      | Found Ecyc's Antique Armour Emporium.
  5297 | D:7      | Reached skill level 5 in Shields
  6356 | D:6      | Noticed Dowan
  6358 | D:6      | Noticed Duvessa
  6390 | D:6      | Killed Duvessa
  6390 | D:6      | Reached skill level 5 in Polearms
  6390 | D:6      | Reached XP level 9. HP: 27/68 MP: 4/9
  6392 | D:6      | Killed Dowan
  6392 | D:6      | Reached * piety under Yredelemnul
  6420 | D:6      | Gained mutation: You are weak. (Str -2) [potion of mutation]
  6420 | D:6      | Gained mutation: You are resistant to electric shocks. (rElec) [potion of mutation]
  6420 | D:6      | Gained mutation: You can translocate small distances at will. [potion of mutation]
  6679 | D:6      | Lost mutation: You are weak. (Str -2) [potion of mutation]
  6679 | D:6      | Gained mutation: You have a pair of horns on your head. [potion of mutation]
  6679 | D:6      | Lost mutation: You are resistant to electric shocks. (rElec) [potion of mutation]
  6945 | D:7      | Reached skill level 5 in Dodging
  8101 | D:8      | Reached skill level 1 in Invocations
  8134 | D:8      | Reached ** piety under Yredelemnul
  8177 | D:9      | HP: 3/103 [wraith (3)]
  8182 | D:9      | HP: 4/154 [wraith (2)]
  8195 | D:9      | Lost mutation: You have a pair of horns on your head. [potion of cure mutation]
  8195 | D:9      | Lost mutation: You can translocate small distances at will. [potion of cure mutation]
  8205 | D:9      | Gained mutation: You are clumsy. (Dex -2) [potion of mutation]
  8205 | D:9      | Lost mutation: You are clumsy. (Dex -2) [potion of mutation]
  8205 | D:9      | Gained mutation: Potions and wands are less effective at restoring your health. [potion of mutation]
  8206 | D:9      | Gained mutation: You are resistant to hostile enchantments. (MR+) [potion of mutation]
  8206 | D:9      | Gained mutation: You are highly resistant to hostile enchantments. (MR++) [potion of mutation]
  8206 | D:9      | Gained mutation: Your natural rate of healing is unusually fast. [potion of mutation]
  8514 | D:8      | Gained mutation: You are immune to freezing clouds. [demonic ancestry]
  8514 | D:8      | Reached XP level 10. HP: 77/77 MP: 8/10
  8654 | D:8      | Noticed Pikel
  8678 | D:8      | Killed Pikel
  9185 | D:9      | Found a staircase to the Lair.
  9438 | D:9      | Found a staircase to the Orcish Mines.
  9520 | D:9      | Gained mutation: You are weak. (Str -2) [mutagenic meat]
  9523 | D:9      | Gained mutation: Your mind is acute. (Int +2) [mutagenic meat]
  9529 | D:9      | Gained mutation: You have hoof-like feet. [mutagenic meat]
  9549 | D:10     | Entered Level 10 of the Dungeon
  9615 | D:10     | Noticed a green ugly thing
  9751 | D:10     | Gained mutation: You heal very quickly. [mutagenic meat]
  9776 | D:10     | Reached *** piety under Yredelemnul
  9852 | D:10     | Noticed a hill giant
  9862 | D:10     | Killed a hill giant
  9934 | D:10     | Killed a green ugly thing
 10346 | D:10     | Received a gift from Yredelemnul (a wight)
 10417 | D:10     | Reached XP level 11. HP: 77/82 MP: 10/13
 10441 | D:10     | Noticed a hill giant
 10450 | D:10     | Killed a hill giant
 10566 | D:11     | Noticed Protee's ghost (novice HESk)
 10751 | D:11     | Noticed a red ugly thing
 10786 | D:11     | Killed a red ugly thing
 10814 | D:11     | Received a gift from Yredelemnul (4 flying skulls)
 10825 | D:11     | Killed Protee's ghost
 11251 | D:11     | Killed an unseen horror
 11272 | D:11     | Reached **** piety under Yredelemnul
 11380 | D:12     | Noticed Rupert
 11467 | D:12     | HP: 4/84 [Rupert/great sword of holy wrath (21)]
 11467 | D:12     | Annihilated by Rupert

Vault maps used:
D:1:      minmay_arrival_stair_chambers, roderic_bali_sauvastika
D:2:      first_bread, st_stairs_1
D:4:      black_bear_nest_2, lightli_ossuary_entry_decrepit_ruins
D:5:      nicolae_alphabet_shops
D:6:      gup_sewer_entry_glass, lemuel_statue_altar, uniq_duvessa
D:7:      serial_shops, shop, roderic_serpentine_path
D:8:      grunt_ogre_cave, uniq_pikel
D:9:      lair_0_dummy, hiddenorc1_lemuel
D:11:     minivault_25
D:12:     uniq_kirke, uniq_maurice, uniq_nessos, uniq_rupert
Temple:   kilobyte_greek_temple
Ossuary:  ossuary_crypta

Skill      XL: |  1  2  3  4  5  6  7  8  9 10 11 |
---------------+----------------------------------+-----
Armour         | 3 4 5 6 7 |  7.7
Shields        | 3 4 5 6 7 8 |  8.2
Dodging        | 1 2 3 4 6 7 8 |  8.1
Polearms       | 2 3 5 6 7 |  7.2
Fighting       | 4 5 6 7 |  7.4
Stealth        | 1 2 3 |  3.2
Invocations    | 1 3 |  3.9
Throwing       | |  0.8
Evocations     | |  0.4

Action                   |  1- 3 |  4- 6 |  7- 9 | 10-12 || total
-------------------------+-------+-------+-------+-------++-------
Melee: Trident           |   151 |   287 |   571 |   566 ||  1575
       Headbutt          |       |       |    97 |   106 ||   203
       Kick              |       |       |   131 |   143 ||   274
Throw: Tomahawk          |       |       |     2 |       ||     2
Invok: Animate Remains   |       |       |     3 |     9 ||    12
       Animate Dead      |       |       |       |     8 ||     8
Evoke: Wand              |       |       |     1 |     5 ||     6
  Use: Potion            |       |       |    25 |     6 ||    31
       Scroll            |       |       |     2 |     1 ||     3
 Stab: Distracted        |       |       |     1 |     5 ||     6
       Paralysed         |       |       |       |     2 ||     2
  Eat: Chunk             |     1 |     4 |    13 |    16 ||    34
       Meat ration       |       |     1 |     1 |     2 ||     4
       Royal jelly       |       |       |       |     1 ||     1
       Fruit             |       |       |       |     1 ||     1
Armor: Scale mail        |    85 |   108 |   214 |   154 ||   561
       Skin              |       |       |    38 |    50 ||    88
Dodge: Dodged            |    51 |    66 |   187 |   187 ||   491
Block: Shield            |    80 |   109 |   276 |   256 ||   721
